 Dungeon Crawl Stone Soup version 0.29-a0-410-g9596d59 (webtiles) character file.

Game seed: 4556128954263800566

5368 Geeful the Fighter (level 10, -4/111 HPs)
             Began as an Ogre Delver on May 14, 2022.
             Was a Priest of Nemelex Xobeh.
             Slain by a centaur warrior
             ... wielding a +0 trident of holy wrath
              (8 damage)
             ... on level 8 of the Dungeon.
             The game lasted 00:54:38 (10552 turns).

Geeful the Fighter (Ogre Delver)                   Turns: 10552, Time: 00:54:38

Health: -4/111     AC:  9    Str: 26    XL:     10   Next: 65%
Magic:  13/13      EV: 16    Int: 11    God:    Nemelex Xobeh [***...]
Gold:   307        SH:  5    Dex: 12    Spells: 9/9 levels left

rFire   x . .      SeeInvis .   Q - +3 giant spiked club
rCold   . . .      Faith    .   (shield currently unavailable)
rNeg    . . .      Spirit   .   b - +1 robe
rPois   +          Reflect  +   C - +3 hat of Vuamow {rPois rF- Regen+}
rElec   .          Harm     .   a - +1 cloak {rPois}
rCorr   .          Rampage  .   (gloves unavailable)
Will    +....                   (boots unavailable)
Stlth   ++........              q - amulet of reflection
HPRegen 1.08/turn               m - +4 ring of evasion
MPRegen 0.13/turn               w - +6 ring of strength

@: no status effects
A: large, unfitting armour, tough skin 1
a: Renounce Religion, Draw Escape, Draw Destruction, Draw Summoning, Triple Draw


You were on level 8 of the Dungeon.
You worshipped Nemelex Xobeh.
Nemelex Xobeh was most pleased with you.
You visited 2 branches of the dungeon, and saw 9 of its levels.

You collected 382 gold pieces.
You spent 75 gold pieces at shops.

Inventory:

Hand Weapons
 Q - a +3 giant spiked club (weapon)
Missiles
 d - 383 stones
 F - 6 boomerangs
 G - a throwing net
 H - 3 large rocks
 L - 5 silver javelins
 N - 13 poisoned darts (quivered)
 O - 2 javelins
Armour
 a - a +1 cloak of poison resistance (worn)
 b - a +1 robe (worn)
 C - the +3 hat of Vuamow (worn) {rPois rF- Regen+}
   (You found it on level 7 of the Dungeon)

   rF:        It makes you vulnerable to fire.
   rPois:     It protects you from poison.
   Regen:     It increases your rate of health regeneration.
Jewellery
 m - a +4 ring of evasion (left hand)
 n - a ring of flight
 q - an amulet of reflection (around neck)
 u - a ring of resist corrosion
 w - a +6 ring of strength (right hand)
Wands
 g - a wand of digging (2)
 p - a wand of mindburst (11)
 y - a wand of flame (2)
 E - a wand of iceblast (17)
 K - a wand of paralysis (15)
Scrolls
 c - 3 scrolls of fog
 e - 2 scrolls of fear
 k - a scroll of blinking
 o - 2 scrolls of enchant armour
 r - a scroll of amnesia
 t - a scroll of identify
 v - 2 scrolls of teleportation
 x - a scroll of vulnerability
 z - a scroll of poison
 A - 2 scrolls of silence
 M - 2 scrolls of magic mapping
Potions
 f - 3 potions of haste
 h - 2 potions of cancellation
 i - 3 potions of lignification
 j - 2 potions of flight
 l - 5 potions of heal wounds
 s - a potion of ambrosia
 B - a potion of invisibility
 D - 5 potions of curing
 I - 2 potions of brilliance
 P - a potion of might


   Skills:
 + Level 10.4 Fighting
 + Level 7.0 Maces & Flails
 + Level 7.2 Throwing
 + Level 7.0 Dodging
 - Level 3.7 Stealth
 + Level 5.2 Invocations


You had 9 spell levels left.
You didn't know any spells.
Your spell library contained the following spells:

 Spells                   Type           Power      Damage    Failure   Level
 Foxfire                  Conj/Fire      0%         2x1d4     34%         1
 Sting                    Tmut/Pois      0%         1d3       34%         1
 Corpse Rot               Necr/Air       0%         N/A       47%         2
 Poisonous Vapours        Pois/Air       0%         N/A       47%         2
 Static Discharge         Conj/Air       0%         N/A       47%         2
 Conjure Flame            Conj/Fire      0%         6-21      71%         3
 Gell's Gravitas          Tloc           0%         N/A       71%         3
 Inner Flame              Hex/Fire       0%         N/A       71%         3
 Lesser Beckoning         Tloc           0%         N/A       71%         3
 Teleport Other           Tloc           0%         N/A       71%         3
 Flame Wave               Conj/Fire      0%         2d4       98%         4
 Hailstorm                Conj/Ice       0%         3d3       98%         4
 Ice Form                 Ice/Tmut       0%         N/A       98%         4
 Olgreb's Toxic Radiance  Pois           0%         N/A       98%         4
 Lightning Bolt           Conj/Air       0%         1d11      100%        5
 Simulacrum               Ice/Necr       0%         N/A       100%        6
 Maxwell's Capacitive Co  Air            0%         ∞         100%        8


Dungeon Overview and Level Annotations

Branches:
Dungeon (8/15)             Temple (1/1) D:5
   Lair: D:8-11

Altars:
Ashenzari
Cheibriados
Dithmenos
Elyvilon
Fedhas
Gozag
Hepliaklqana
Kikubaaqudgha
Makhleb
Nemelex Xobeh
Okawaru
Qazlal
Ru
Sif Muna
Trog
Uskayaw
Vehumet
Wu Jian
Xom
Yredelemnul
Zin
The Shining One

Shops:
D:3 *   D:7 :

Annotations:
D:3 exclusion: downstairs
D:4 exclusion: downstairs
D:6 exclusion: downstairs


Innate Abilities, Weirdness & Mutations

You are too large for most types of armour.
You have tough skin. (AC +1)


Message History

You are too injured to fight recklessly!
You draw a card...
You have drawn the Swarm.
You block the wyvern's attack. The centaur barely misses you.
The centaur kicks you.
The centaur warrior unwields a +0 longbow.
The centaur warrior wields a +0 trident of holy wrath.
It softly glows with a divine radiance!
The centaur warrior hits you with a +0 trident of holy wrath!
You block the centaur warrior's attack. The wyvern misses you.
The centaur completely misses you. The centaur kicks you.
The wyvern attacks as you move away! You block the wyvern's attack.
Your killer bee stings the wyvern.
The wyvern is poisoned.
Your killer bee poisons the wyvern!
The centaur warrior completely misses you.
The centaur warrior misses you. The centaur closely misses you.
The centaur misses you.
Your killer bee stings the centaur.
The centaur is poisoned.
Your killer bee poisons the centaur!
You draw a card...
You have drawn the Swarm.
The wyvern barely misses you.
The centaur warrior hits you with a +0 trident of holy wrath!
* * * LOW HITPOINT WARNING * * *
You block the centaur warrior's attack.
Your killer bee closely misses the centaur.
The centaur barely misses you. You block the centaur's attack.
You block the centaur warrior's attack. The centaur warrior kicks you.
* * * LOW HITPOINT WARNING * * *
The wyvern bites you.
* * * LOW HITPOINT WARNING * * *
Your killer bee stings the centaur!
The centaur closely misses you. The centaur completely misses you.
You swap places.
The centaur warrior attacks as you move away!
The centaur warrior hits you with a +0 trident of holy wrath!!
* * * LOW HITPOINT WARNING * * *
The centaur warrior closely misses you.
Your killer bee stings the wyvern but does no damage.
Your killer bee stings the centaur warrior.
The centaur warrior is poisoned.
Your killer bee poisons the centaur warrior!
The centaur warrior hits you from afar with a +0 trident of holy wrath!
You die...
Your body disappears without a glow.

...#.......#
###..#####...#####
.#.####.#### #.#..# #...#
.#..#....)# #.##.##
#...##### .##.###.### #.
#..# #.......# ###..#...#
# #. ##.## #..####<#
##.##.##.#.#.#y#y#..###..#
#.# #..#.#
..?..yclc##..##..# #..
##.#.#########y#.#......#
### #.##.......y@##
#..#.#.# #..#.#.#.#.#y#
##.#.#.######
#..##.#.#.#.##
#...#....... #...#.......#
##..#.######
##.#.##.....## #....#
####.##..#.#.#.#
##...######
....####.##.#.##
#......... ####.###..#...#
##..#...## ##.#.#.## ##
#........


You could see a centaur warrior (very poisoned, ally target), a wyvern
(distracted, very poisoned, ally target) and 4 friendly killer bees.

Vanquished Creatures
  Pikel (D:4)
  An unseen horror (D:8)
  Sigmund (D:5)
  A wraith (D:8)
  Eustachio (D:5)
  A wyvern (D:8)
  A steam dragon (D:7)
  Edmund (D:4)
  A water moccasin (D:5)
  Duvessa (D:4)
  5 black bears
  An orc warrior (D:8)
  A sky beast (D:8)
  A tengu (D:6)
  3 ogres
  3 centaurs
  2 phantoms
  A lemure (D:4)
  2 kobold brigands
  3 necrophages
  4 bullfrogs
  2 gnoll sergeants
  4 scorpions
  Dowan (D:4)
  5 wights
  2 jellies
  2 gnoll shamans (D:7)
  A hound (D:3)
  4 orc priests
  Crazy Yiuf (D:7)
  Terence (D:2)
  Ijyb (D:5)
  8 orc wizards
  19 gnolls
  11 adders
  A shadow imp (D:7)
  2 white imps
  2 ufetubi (D:5)
  10 worms
  A dart slug (D:1)
  30 orcs
  2 ball pythons
  8 endoplasms
  8 giant cockroaches
  5 hobgoblins
  4 jackals (D:3)
  6 kobolds
  A quokka (D:3)
  5 bats
  3 frilled lizards
  5 goblins
  6 rats
197 creatures vanquished.

Vanquished Creatures (others)
  2 orcs (D:7)
2 creatures vanquished.

Grand Total: 199 creatures vanquished

Notes
Turn   | Place    | Note
-------+----------+-------------------------------------------
     0 | D:5      | Geeful the Ogre Delver began the quest for the Orb.
     0 | D:5      | Reached XP level 1. HP: 24/24 MP: 1/1
    14 | D:4      | Noticed a black bear
    25 | D:4      | Found a hazy altar of Hepliaklqana.
   307 | D:3      | Found Zocekeg's Assorted Antiques.
   366 | D:3      | Noticed a black bear
   645 | D:2      | Noticed Terence
   801 | D:2      | Reached XP level 2. HP: 32/32 MP: 2/2
  1255 | D:1      | Found a faded altar of an unknown god.
  1613 | D:1      | Reached skill level 1 in Throwing
  1780 | D:1      | Reached XP level 3. HP: 38/40 MP: 3/3
  2342 | D:2      | Killed Terence
  2343 | D:2      | Reached XP level 4. HP: 49/49 MP: 4/4
  2874 | D:3      | Killed a black bear
  2875 | D:3      | Reached skill level 5 in Fighting
  2875 | D:3      | Reached XP level 5. HP: 5/57 MP: 5/5
  3241 | D:3      | Bought a scroll labelled IQAQOO CEFUG for 25 gold pieces
  3241 | D:3      | Bought a scroll labelled NUNTAK XAMAO for 25 gold pieces
  3241 | D:3      | Bought a scroll labelled HUYSO GING for 25 gold pieces
  3344 | D:3      | Found a radiant altar of Vehumet.
  3577 | D:3      | Reached XP level 6. HP: 66/66 MP: 6/6
  4493 | D:4      | Noticed Pikel
  4502 | D:4      | Killed Pikel
  4503 | D:4      | Reached skill level 6 in Fighting
  4503 | D:4      | Reached XP level 7. HP: 45/76 MP: 7/7
  4559 | D:4      | Noticed Edmund
  4566 | D:4      | Noticed Duvessa
  4575 | D:4      | Killed Duvessa
  4576 | D:4      | Reached skill level 7 in Fighting
  4576 | D:4      | Reached XP level 8. HP: 21/87 MP: 8/8
  4893 | D:4      | Noticed Dowan
  4905 | D:4      | Killed Dowan
  5415 | D:4      | Killed Edmund
  5708 | D:5      | Noticed Eustachio
  5782 | D:5      | Found an ancient bone altar of Kikubaaqudgha.
  5799 | D:5      | Found a shadowy altar of Dithmenos.
  5821 | D:5      | Noticed Sigmund
  5837 | D:5      | Killed Sigmund
  5838 | D:5      | Reached skill level 8 in Fighting
  5838 | D:5      | Reached skill level 5 in Maces & Flails
  5838 | D:5      | Reached skill level 5 in Throwing
  5838 | D:5      | Reached skill level 5 in Dodging
  5990 | D:5      | Found a staircase to the Ecumenical Temple.
  6001 | Temple   | Entered the Ecumenical Temple
  6155 | Temple   | Became a worshipper of Nemelex Xobeh the Trickster
  6188 | D:5      | Found a snail-covered altar of Cheibriados.
  6278 | D:5      | Reached XP level 9. HP: 91/96 MP: 9/9
  6432 | D:5      | Reached skill level 1 in Invocations
  6552 | D:5      | Noticed Ijyb
  6560 | D:5      | Killed Ijyb
  6803 | D:5      | Found a shimmering blue altar of Sif Muna.
  6928 | D:5      | Killed Eustachio
  6929 | D:5      | Reached skill level 9 in Fighting
  7711 | D:6      | Reached * piety under Nemelex Xobeh
  7856 | D:6      | Found a bloodstained altar of Trog.
  7971 | D:6      | Found a glowing silver altar of Zin.
  7971 | D:6      | Found a white marble altar of Elyvilon.
  7979 | D:6      | Found a glowing golden altar of the Shining One.
  7981 | D:6      | Found a faded altar of an unknown god.
  7983 | D:6      | Found a burning altar of Makhleb.
  8042 | D:6      | Received a gift from Nemelex Xobeh
  8098 | D:6      | Found an iron altar of Okawaru.
  8866 | D:6      | Reached XP level 10. HP: 72/107 MP: 12/12
  9152 | D:7      | Identified the +3 hat of Vuamow {rPois rF- Regen+}
  9163 | D:7      | Reached ** piety under Nemelex Xobeh
  9343 | D:7      | Found Raimylax's Book Emporium.
  9593 | D:7      | Found a runed translucent door.
  9594 | D:7      | Noticed Crazy Yiuf
  9598 | D:7      | Killed Crazy Yiuf
  9648 | D:7      | Received a gift from Nemelex Xobeh
  9891 | D:8      | Killed an unseen horror
  9953 | D:8      | Reached skill level 10 in Fighting
 10053 | D:8      | Found a hide-covered altar of Uskayaw.
 10053 | D:8      | Noticed a +0 dagger
 10053 | D:8      | Noticed a +0 hand axe
 10267 | D:8      | Received a gift from Nemelex Xobeh
 10464 | D:8      | Reached skill level 5 in Invocations
 10471 | D:8      | Reached *** piety under Nemelex Xobeh
 10547 | D:8      | Noticed a centaur warrior
 10552 | D:8      | HP: 3/111 [centaur warrior/+0 trident of holy wrath (19)]
 10552 | D:8      | Slain by a centaur warrior

Illustrated notes

Levels and vault maps discovered:
D:1:      dpeg_arrival_morbid_curiosity, layout_basic,
          shapermc_ecumenical_altar_mp_vishouse
D:2:      minmay_door_path, layout_loops_corners, nicolae_wormholes,
          uniq_terence
D:3:      layout_loops_corners, nicolae_vehumet_radiance, serial_shops, shop,
          minmay_surrounded
D:4:      layout_loops_cross, mainiacjoe_overflow_cross_hatched, uniq_pikel,
          uniq_duvessa, uniq_edmund
D:5:      layout_layer_cave, mainiacjoe_overflow_six_doors_small,
          lemuel_crystal_altar, lemuel_doored_altar, led_sif_pool,
          minmay_temple_entry_butterflies, uniq_ijyb, uniq_sigmund,
          uniq_eustachio
D:6:      layout_loops_cross, marbit_many_paths, trog_three_pillars_becter,
          chequers_temple_overflow_minitemple
D:7:      layout_rooms, serial_rivers, chequers_serial_rivers_room_a,
          chequers_serial_rivers_micro_d, chequers_serial_rivers_room_a,
          chequers_serial_rivers_micro_e, chequers_serial_rivers_large_a,
          chequers_serial_rivers_small_3, nicolae_take_the_stairs,
          uniq_crazy_yiuf_cottage
D:8:      minmay_the_grid_triangle_9x9_rhombus_thin
          [minmay_the_grid_triangle_9x9_zippers_horizontal,
          minmay_the_grid_triangle_9x9_prize_insulated,
          minmay_the_grid_triangle_9x9_skeleton,
          minmay_the_grid_triangle_9x9_from_above], layout_loops_ring,
          dancing_weapons_uskayaw
Temple:   kb_temple_of_zot

Skill      XL: |  1  2  3  4  5  6  7  8  9 10 |
---------------+-------------------------------+-----
Maces & Flails | 2 3 4 5 6 7 |  7.0
Dodging        | 2 3 4 5 6 7 |  7.0
Throwing       | 1 2 4 5 6 7 |  7.2
Fighting       | 5 6 7 8 9 10 | 10.4
Invocations    | 3 5 |  5.2
Stealth        | |  3.7

Action                   |  1- 3 |  4- 6 |  7- 9 | 10-12 || total
-------------------------+-------+-------+-------+-------++-------
Melee: Mace              |    39 |   138 |    59 |       ||   236
       Punch             |     2 |     4 |     3 |       ||     9
       Flail             |    25 |       |       |       ||    25
       Whip              |       |       |    12 |       ||    12
       Dire flail        |       |       |   197 |       ||   197
       Giant spiked club |       |       |    16 |   119 ||   135
Throw: Large rock        |     3 |     8 |     7 |       ||    18
       Stone             |     2 |       |     7 |       ||     9
       Dart              |       |       |     2 |    11 ||    13
       Throwing net      |       |       |     2 |       ||     2
       Javelin           |       |       |       |     2 ||     2
Invok: Draw Destruction  |       |       |     4 |     3 ||     7
       Draw Summoning    |       |       |       |     3 ||     3
Evoke: Wand              |       |     1 |     7 |       ||     8
  Use: Scroll            |     5 |     2 |    11 |     1 ||    19
       Potion            |       |     1 |       |       ||     1
 Stab: Sleeping          |     6 |     8 |     5 |     4 ||    23
       Distracted        |       |     1 |     1 |       ||     2
       Held in net/web   |       |       |     1 |       ||     1
       Paralysed         |       |       |     1 |       ||     1
Armor: Robe              |    11 |    33 |    61 |    39 ||   144
Dodge: Dodged            |    34 |    90 |   213 |   123 ||   460
Block: Other             |     7 |    34 |    65 |    45 ||   151
       Reflection        |       |       |     3 |     4 ||     7

Table legend: (Time is in decaauts)
 A = Elapsed time spent in this place.
 B = Non-inter-level travel time spent in this place.
 C = Inter-level travel time spent in this place.
 D = Time resting spent in this place.
 E = Time spent auto-exploring this place.
 F = Levels seen in this place.
 G = Mean time per level.
                   A        B        C        D        E       F      G
               +--------+--------+--------+--------+--------+-----+--------+
         Total |  10697 |  10315 |    382 |   1084 |   6088 |   9 | 1188.6 |
       Dungeon |  10512 |  10161 |    351 |   1084 |   6045 |   8 | 1314.0 |
        Temple |    185 |    154 |     31 |      0 |     43 |   1 |  185.0 |
               +--------+--------+--------+--------+--------+-----+--------+

Top non-repeatable levels by time:
     D:3: 1938 daAuts
     D:5: 1543 daAuts
     D:6: 1515 daAuts
     D:2: 1391 daAuts
     D:4: 1382 daAuts
     D:1: 1111 daAuts
     D:7: 874 daAuts
     D:8: 756 daAuts
  Temple: 185 daAuts
